 Dungeon Crawl Stone Soup version 0.21-a0-94-gdd6ab6a (webtiles) character file.

574 4thArraOfDagon the Quickloader (level 7, -2/44 HPs)
             Began as a Halfling Hunter on July 3, 2017.
             Was a Follower of Makhleb.
             Slain by a wight
             ... wielding a +0 scimitar
              (7 damage)
             ... on level 7 of the Dungeon.
             The game lasted 00:10:03 (1764 turns).

4thArraOfDagon the Quickloader (Halfling Hunter)    Turns: 1764, Time: 00:10:03

Health: -2/44      AC:  4    Str: 13    XL:     7   Next: 61%
Magic:  7/7        EV: 13    Int: 11    God:    Makhleb [*.....]
Gold:   205        SH:  0    Dex: 15    Spells: 6/6 levels left

rFire    . . .     SeeInvis .   a - +2 hand crossbow
rCold    . . .     Gourm    .   (shield restricted)
rNeg     . . .     Faith    .   c - +1 leather armour
rPois    .         Spirit   .   (no helmet)
rElec    .         Reflect  .   (no cloak)
rCorr    .         Harm     .   (no gloves)
MR       .....                  (no boots)
Stlth    +++.......             (no amulet)
HPRegen  0.14/turn              l - ring of stealth
MPRegen  0.10/turn              q - ring of stealth

@: heavily drained
A: mutation resistance 1
a: Renounce Religion


You were on level 7 of the Dungeon.
You worshipped Makhleb.
Makhleb was aware of your devotion.
You were not hungry.

You visited 1 branch of the dungeon, and saw 7 of its levels.
You also visited: Sewer.

You collected 205 gold pieces.

Inventory:

Hand Weapons
 a - a +2 hand crossbow (weapon)
 b - a +0 short sword
Armour
 c - a +1 leather armour (worn)
 s - a +0 scale mail
Magical Staves
 u - an uncursed staff of earth
Jewellery
 l - a ring of stealth (left hand)
 q - a ring of stealth (right hand)
Wands
 p - a wand of random effects (3/48)
 w - a wand of polymorph (6/24)
Scrolls
 e - a scroll of immolation
 k - a scroll of teleportation {unknown}
 n - a scroll of noise {unknown}
 v - a scroll of remove curse {unknown}
Potions
 g - a potion of resistance {unknown}
 h - a potion of mutation {unknown}
 i - a potion of might {unknown}
 o - a potion of lignification {unknown}
Comestibles
 f - 2 bread rations
 m - 2 meat rations
 t - 4 chunks of flesh
 x - a royal jelly


   Skills:
 - Level 1.7(0.0) Fighting
 * Level 9.5(7.3) Crossbows
 - Level 2.1(0.4) Dodging
 - Level 1.1(0.0) Stealth


You had 6 spell levels left.
You didn't know any spells.

Dungeon Overview and Level Annotations

Branches:
Dungeon (7/15)             Temple (0/1) D:6

Altars:
Makhleb
Ru
Trog
The Shining One

Annotations:
D:1 1 exclusion
D:5 Eustachio
D:6 2 runed doors


Innate Abilities, Weirdness & Mutations

You are small and have problems with some larger weapons.
You are somewhat resistant to further mutation.


Message History

You feel drained.
Unknown command.
Evoke which item? (* to show all) (? for menu, Esc to quit)
Aiming: Random Effects
Press: ? - help, Shift-Dir - straight line, f/p - wight
Aim: a wight, wielding a scimitar and wearing a robe (almost destroyed, fast, inner flame)
The wight resists with some effort.
This wand has 4 charges left.
The wight hits you with a scimitar!
* * * LOW HITPOINT WARNING * * *
You feel drained.
* * * LOW HITPOINT WARNING * * *
Unknown command.
Unknown command.
Evoke which item? (* to show all) (? for menu, Esc to quit)
Aiming: Random Effects
Press: ? - help, Shift-Dir - straight line, f/p - wight
Aim: a wight, wielding a scimitar and wearing a robe (almost destroyed, fast, inner flame)
The wight flickers and vanishes!
This wand has 3 charges left.
Something hits you!
You die...

#######.#####....#.##
#........zz......#
#.####.######....#
#z# ##.#.# #z# .....
#z# ##(### #z# ...
#{# ### #@#
#........# ######.#.#
#.#.# #.# # #.# #.#
...


You could see 4 wights.

Vanquished Creatures
  Purgy (Sewer)
  A centaur (D:6)
  An ogre (D:5)
  A hound (D:4)
  An orc wizard (D:4)
  2 bullfrog skeletons
  A worker ant (D:4)
  A howler monkey skeleton (D:5)
  6 adders
  4 river rats (D:4)
  An ooze (D:4)
  An adder skeleton (D:4)
  4 worms (D:4)
  A dart slug (D:1)
  2 leopard geckos
  6 orcs
  5 giant cockroaches
  A goblin (D:3)
  4 jackals (D:4)
  4 quokkas
  2 ball pythons
  4 bats
  3 frilled lizards
  3 kobolds
  A leopard gecko zombie (D:6)
  6 rats
67 creatures vanquished.

Notes
Turn   | Place    | Note
-------+----------+-------------------------------------------
     0 | D:1      | 4thArraOfDagon the Halfling Hunter began the quest for the Orb.
     0 | D:1      | Reached XP level 1. HP: 14/14 MP: 1/1
    84 | D:1      | Reached XP level 2. HP: 19/19 MP: 2/2
   169 | D:2      | Reached skill level 5 in Crossbows
   188 | D:2      | Found a glowing golden altar of the Shining One.
   354 | D:3      | Reached XP level 3. HP: 23/24 MP: 3/3
   614 | D:4      | Reached skill level 6 in Crossbows
   614 | D:4      | Reached XP level 4. HP: 29/29 MP: 4/4
   629 | D:4      | Found a bloodstained altar of Trog.
   629 | D:4      | Found a burning altar of Makhleb.
   634 | D:4      | Reached XP level 5. HP: 33/34 MP: 5/5
   650 | D:4      | Became a worshipper of Makhleb the Destroyer
   728 | D:4      | Reached skill level 7 in Crossbows
   827 | D:4      | Reached XP level 6. HP: 39/39 MP: 6/6
   900 | D:4      | Found a glowing drain.
   944 | Sewer    | Entered a sewer
  1049 | Sewer    | Reached * piety under Makhleb
  1060 | Sewer    | Noticed Purgy
  1161 | Sewer    | Killed Purgy
  1161 | Sewer    | Reached skill level 8 in Crossbows
  1377 | D:5      | Entered Level 5 of the Dungeon
  1377 | D:5      | Noticed an ogre
  1397 | D:5      | Killed an ogre
  1397 | D:5      | Reached XP level 7. HP: 43/44 MP: 7/7
  1439 | D:5      | Reached skill level 9 in Crossbows
  1478 | D:5      | Noticed Eustachio
  1523 | D:6      | Found a staircase to the Ecumenical Temple.
  1564 | D:6      | Found a runed door.
  1608 | D:6      | Found a runed door.
  1645 | D:6      | Found a sacrificial altar of Ru.
  1764 | D:7      | Slain by a wight

Vault maps used:
D:1:      ncdulo_halloftheorcs, minmay_misc_feat_x
D:2:      tso_metal_star, moated_statue, minmay_door_square, uniq_sigmund
D:3:      nemelex_xobeh_ov_fountains_minmay, led_sif_book
D:4:      gammafunk_temple_overflow_pools, lightli_sewer_entry_pipes,
          first_bread, uniq_menkaure
D:5:      ashenzari_altar_1, tgw_xom, moated_statue, uniq_eustachio
D:6:      lemuel_insect_pit, lemuel_doored_altar, kennysheep_mini_moat,
          nicolae_ru_awakened_eye, minmay_temple_entry_statues, feat_on_display
D:7:      nicolae_qazlal_general_emergency, uniq_duvessa, uniq_pikel
Sewer:    kennysheep_door_sewer

Skill      XL: |  1  2  3  4  5  6  7 |
---------------+----------------------+-----
Crossbows      | 5 6 7 8 9 |  9.5
Fighting       | |  1.7
Dodging        | |  2.1
Stealth        | |  1.1

Action                   |  1- 3 |  4- 6 |  7- 9 || total
-------------------------+-------+-------+-------++-------
Melee: Short sword       |    19 |    62 |    53 ||   134
 Fire: Hand crossbow     |    51 |    58 |     4 ||   113
Evoke: Wand              |       |     7 |    10 ||    17
  Use: Scroll            |     3 |     1 |     1 ||     5
       Potion            |       |     3 |     3 ||     6
 Stab: Sleeping          |       |     7 |     4 ||    11
  Eat: Chunk             |       |     2 |     1 ||     3
Armor: Leather armour    |     8 |    19 |    11 ||    38
Dodge: Dodged            |    23 |   102 |    51 ||   176
